 Seeded DCSS version 0.30-a0-374-g95c0257 (webtiles) character file.

Game seed: 2627912712075222837 (custom seed)

1 Kel the Magician (level 1, -1/13 HPs)
             Began as a Mummy Earth Elementalist on Nov 25, 2022.
             Slain by a kobold
             ... wielding a +0 dagger
              (3 damage)
             ... on level 1 of the Dungeon.
             The game lasted 00:00:30 (86 turns).

Kel the Magician (Mummy Earth Elementalist)           Turns: 86, Time: 00:00:31

Health: -1/13      AC:  2    Str: 11    XL:     1   Next: 16%
Magic:  4/4        EV: 12    Int: 14    God:
Gold:   0          SH:  0    Dex: 12    Spells: 4/5 levels left

rFire   x . .      SeeInvis .    (no weapon)
rCold   + . .      Faith    +    (no shield)
rNeg    + + +      Spirit   .    a - +0 robe
rPois   ∞          Reflect  .    (no helmet)
rElec   .          Harm     .    (no cloak)
rCorr   .          Rampage  .    (no gloves)
Will    .....                    (no boots)
Stlth   ++........               (no amulet)
HPRegen 0.22/turn                (no ring)
MPRegen 0.09/turn                (no ring)

@: no status effects
A: cold resistance 1, negative energy resistance 3, torment resistance 2, heat
vulnerability 1, no potions, faith
a: no special abilities


You were on level 1 of the Dungeon.
You visited 1 branch of the dungeon, and saw 1 of its levels.

Inventory:

Armour
 a - a +0 robe (worn)


   Skills:
 + Level 1.5 Dodging
 + Level 1.5 Stealth
 + Level 2.8 Spellcasting
 + Level 0.7 Transmutations
 + Level 2.4 Earth Magic


You had 4 spell levels left.
You knew the following spells:

 Your Spells              Type           Power      Damage    Failure   Level
a - Sandblast             Erth           16%        2d6       9%          1

Your spell library contained the following spells:

 Spells                   Type           Power      Damage    Failure   Level
 Passwall                 Tmut/Erth      5%         N/A       17%         2
 Stone Arrow              Conj/Erth      10%        3d7       36%         3
 Petrify                  Tmut/Erth      6%         N/A       75%         4


Dungeon Overview and Level Annotations

Branches:
Dungeon (1/15)

Altars:


Innate Abilities, Weirdness & Mutations

You are immune to poison.
Your flesh is cold resistant. (rC+)
You are immune to negative energy. (rN+++)
You are immune to unholy pain and torment.
You are vulnerable to heat. (rF-)
You do not drink.
You have a special connection with the divine. (Faith)


Message History

Okay, then.
Unknown command.
Casting: Sandblast (safe; 9% risk of failure)
Confirm with . or Enter, or press ? or * to list all spells.
Aiming: Sandblast (safe; 9% risk of failure)
Press: ? - help, Shift-Dir - straight line, f - you
Okay, then.
Casting: Sandblast (safe; 9% risk of failure)
Confirm with . or Enter, or press ? or * to list all spells.
Aiming: Sandblast (safe; 9% risk of failure)
Press: ? - help, Shift-Dir - straight line, f - goblin
Aim: a goblin, wielding a +0 dagger (asleep, 100% to hit)
The blast of sand hits the goblin.
You kill the goblin!
Magic restored.
A kobold comes into view. It is wielding a +0 dagger.
You see here 13 gold pieces.
The kobold shouts!
The kobold completely misses you.
You barely miss the kobold. The kobold hits you with a +0 dagger.
You hit the kobold but do no damage. The kobold hits you with a +0 dagger.
You hit the kobold but do no damage. The kobold closely misses you.
You closely miss the kobold. The kobold hits you with a +0 dagger.
You are too injured to fight recklessly!
You are too injured to fight recklessly!
You are too injured to fight recklessly!
You are too injured to fight recklessly!
You are too injured to fight recklessly!
You closely miss the kobold. The kobold closely misses you.
You barely miss the kobold. The kobold hits you with a +0 dagger.
* * * LOW HITPOINT WARNING * * *
You barely miss the kobold. The kobold hits you with a +0 dagger.
* * * LOW HITPOINT WARNING * * *
You hit the kobold but do no damage. The kobold closely misses you.
You completely miss the kobold. The kobold hits you with a +0 dagger.
* * * LOW HITPOINT WARNING * * *
You hit the kobold.
The kobold is severely wounded.
The kobold hits you with a +0 dagger.
You die...

###
#.###########
#...........#
#.#########.#
#.# #.#
#.#### #.#
#....# #.#
####..).#
#$#######
...##...#
#..@K...#
...##...#
#######.#
.).##...#
...##...#
...##...#
#'###...#
.......##
#.#.........
#.#.########


You could see a kobold.

Vanquished Creatures
  A goblin (D:1)
1 creature vanquished.

Notes
Turn   | Place    | Note
-------+----------+-------------------------------------------
     0 | D:1      | Kel the Mummy Earth Elementalist began the quest for the
                  | Orb.
     0 | D:1      | Reached XP level 1. HP: 13/13 MP: 4/4
    86 | D:1      | Slain by a kobold

Illustrated notes

Levels and vault maps discovered:
D:1:      amcnicky_arrival_feature_with_door, layout_basic

Action                   || total
-------------------------++-------
Melee: Unarmed           ||    10
 Cast: Sandblast         ||     1
Dodge: Dodged            ||     4

Table legend: (Time is in decaauts)
 A = Elapsed time spent in this place.
 B = Non-inter-level travel time spent in this place.
 C = Inter-level travel time spent in this place.
 D = Time resting spent in this place.
 E = Time spent auto-exploring this place.
 F = Levels seen in this place.
 G = Mean time per level.
                   A        B        C        D        E       F      G
               +--------+--------+--------+--------+--------+-----+--------+
         Total |     86 |     86 |      0 |      0 |     69 |   1 |   86.0 |
       Dungeon |     86 |     86 |      0 |      0 |     69 |   1 |   86.0 |
               +--------+--------+--------+--------+--------+-----+--------+

Top non-repeatable levels by time:
     D:1: 86 daAuts
